 Dungeon Crawl Stone Soup version 0.31.0-11-ge490571c62 (webtiles) character file.

Game seed: 13026756079627488385

252 qw the Ducker (level 5, -4/28 HPs)
             Began as a Spriggan Hunter on Feb 3, 2024.
             Slain by a scorpion (6 damage)
             ... on level 3 of the Dungeon.
             The game lasted 00:00:34 (2208 turns).

qw the Ducker (Spriggan Hunter)                     Turns: 2208, Time: 00:00:34

Health: -4/28      AC:  2    Str:  7    XL:     5   Next: 89%
Magic:  6/6        EV: 21    Int: 10    God:
Gold:   111        SH:  0    Dex: 21    Spells: 4/4 levels left

rFire   . . .        j - +1 arbalest
rCold   . . .        (shield currently unavailable)
rNeg    . . .        c - +0 robe
rPois   .            (helmet restricted)
rElec   .            (no cloak)
rCorr   .            (gloves unavailable)
SInv    +            (boots unavailable)
Will    .....        (no amulet)
Stlth   ++           (no ring)
HPRegen 0.24/turn    (no ring)
MPRegen 0.10/turn

%: no passive effects
@: lethally poisoned (-4 -> -10), very quick
A: very small, no large weapons, unfitting armour, see invisible, speed 3
a: no special abilities


You were on level 3 of the Dungeon.
You visited 1 branch of the dungeon, and saw 4 of its levels.

You collected 111 gold pieces.


Innate Abilities, Weirdness & Mutations

You are very small and have problems with some larger weapons.
You are too small for most types of armour.
You have supernaturally acute eyesight. (SInv)
You cover ground extremely quickly. (Speed+++)


   Skills:
 - Level 2.9 Fighting
 + Level 5.1 Ranged Weapons
 - Level 5.8 Dodging
 - Level 1.5 Stealth


You had 4 spell levels left.
You didn't know any spells.
Your spell library was empty.

Inventory:

Hand Weapons
 j - a +1 arbalest (weapon)
Armour
 c - a +0 robe (worn)
Wands
 m - a wand of charming (10)
Potions
 b - a potion of cancellation
 d - a potion of haste
 e - a potion of curing
 g - a potion of might
 h - 2 potions of mutation
 i - a potion of invisibility {unknown}

Dungeon Overview and Level Annotations

Branches:
Dungeon (4/15)
 Temple: D:4-7

Altars:
Hepliaklqana
Ru


Message History

There is a stone staircase leading down here.
You shoot a bolt. The bolt hits the orc!
You kill the orc!
The kobold hits you with a +0 dagger. The endoplasm barely misses you.
You shoot a bolt. The bolt hits the kobold!!
You kill the kobold!
The endoplasm freezes you.
You are frozen.
The endoplasm hits you but does no damage.
You shoot a bolt. The bolt hits the endoplasm!!
You kill the endoplasm!
You start resting.
HP restored.
You climb downwards.
The kobold shouts!
The orc hits you with a +0 club. The orc misses you.
The orc completely misses you.
There is a stone staircase leading up, spattered with blood here.
2204 ||| STAIRDANCE HP restored.
The orc hits you with a +0 club. The orc barely misses you.
The orc completely misses you. The scorpion misses you.
You climb upwards.
There is a stone staircase leading down here.
You shoot a bolt.
The bolt hits the scorpion but does no damage.
The orc misses you. The orc barely misses you. The orc misses you.
The scorpion barely misses you. The orc completely misses you.
The orc barely misses you. The orc hits you with a +0 hand axe.
The scorpion misses you.
You shoot a bolt. The bolt closely misses the scorpion.
The orc hits you with a +0 hand axe. The orc closely misses you. x2
The scorpion completely misses you. The orc completely misses you. x2
The orc hits you with a +0 dagger. The scorpion stings you.
You are lethally poisoned!
The scorpion poisons you!
You shoot a bolt. The bolt barely misses the scorpion.
You feel very sick. The scorpion barely misses you.
The orc hits you with a +0 dagger. The orc barely misses you.
The orc misses you. The scorpion stings you.
You die...

####.#### #.#..<#.# #######.#
#.#...#.####### #......>#
#.#...#.##.....
###.###############.#......#.###.
....# #.....##......###.#.###.
##### #.###.##.#....# #.......
#.# #.........###.#.##.)
#.###.##o##.......#.##..
#.....s@o##.....###.....
##..####o.......# ##...#
#....##.##.....# #.###
#.##.##.####.### #.#
#.......####.### #.#
####.#####.....# #.# ######.##
#.....####.### #.......#
#.....#....... #.####..#
#.....#.##..#.


You could see a scorpion and 3 orcs.

Vanquished Creatures
  A black bear (D:3)
  A kobold brigand (D:3)
  4 adders
  A gnoll (D:1)
  2 dart slugs
  A ribbon worm (D:3)
  An orc (D:3)
  A ball python (D:1)
  2 bats (D:2)
  6 endoplasms
  A giant cockroach (D:2)
  4 goblins
  5 hobgoblins
  3 quokkas
  2 frilled lizards (D:1)
  5 kobolds
  4 rats
44 creatures vanquished.

Notes
Turn   | Place    | Note
-------+----------+-------------------------------------------
     0 | D:1      | qw the Spriggan Hunter began the quest for the Orb.
     0 | D:1      | Reached XP level 1. HP: 10/10 MP: 2/2
     0 | D:1      | 0 ||| qw: Version: 0.3-a-155-g5e7d8dd
     0 | D:1      | 0 ||| qw: Game counter: 3134
     0 | D:1      | 0 ||| qw: Melee chars always use a shield: true
     0 | D:1      | 0 ||| qw: God list: Okawaru
     0 | D:1      | 0 ||| qw: Allow faded altars: false
     0 | D:1      | 0 ||| qw: Do Orc after clearing Dungeon:15 true
     0 | D:1      | 0 ||| qw: Do second Lair branch before Depths: true
     0 | D:1      | 0 ||| qw: Lair rune preference: random
     0 | D:1      | 0 ||| qw: Goals: Normal
     0 | D:1      | 0 ||| PLANNING D:1-11
    22 | D:1      | Reached skill level 3 in Dodging
   116 | D:1      | Reached XP level 2. HP: 13/14 MP: 3/3
   393 | D:1      | Reached XP level 3. HP: 13/18 MP: 4/4
   748 | D:1      | 748 ||| READING 3 scrolls labelled IFARIP FOEW.
   748 | D:1      | 748 ||| IDENTIFYING bubbling ruby potion
   749 | D:1      | 749 ||| READING 2 scrolls of identify.
   749 | D:1      | 749 ||| IDENTIFYING 2 smoky purple potions
   750 | D:1      | 750 ||| READING scroll of identify.
   750 | D:1      | 750 ||| IDENTIFYING 2 glowing silvery potions
   751 | D:1      | 751 ||| READING scroll labelled PYUNKU TUFADUPH.
   752 | D:1      | 752 ||| DROPPING scroll of butterflies.
   753 | D:1      | 753 ||| DROPPING 2 potions of lignification.
   798 | D:2      | Found a faded altar of an unknown god.
  1092 | D:2      | 1092 ||| SWAPPING to +0 arbalest.
  1093 | D:2      | 1093 ||| DROPPING +0 shortbow.
  1439 | D:2      | 1439 ||| READING scroll of identify.
  1439 | D:2      | 1439 ||| IDENTIFYING ruby potion
  1440 | D:2      | 1440 ||| READING scroll labelled NIEGOB DIUTYME.
  1441 | D:2      | 1441 ||| READING scroll labelled BUBROAPSUI.
  1442 | D:2      | 1442 ||| DRINKING 2 coppery potions.
  1443 | D:2      | 1443 ||| DROPPING potion of brilliance.
  1468 | D:3      | Found a sacrificial altar of Ru.
  1488 | D:3      | Reached XP level 4. HP: 22/22 MP: 5/5
  2082 | D:3      | Noticed a kobold brigand
  2083 | D:3      | 2083 ||| DRINKING 2 potions of haste.
  2089 | D:3      | Killed a kobold brigand
  2090 | D:3      | Reached XP level 5. HP: 25/25 MP: 6/6
  2093 | D:3      | Found a hazy altar of Hepliaklqana.
  2095 | D:3      | Found a faded altar of an unknown god.
  2097 | D:3      | 2097 ||| READING 2 scrolls of identify.
  2097 | D:3      | 2097 ||| IDENTIFYING dark potion
  2098 | D:3      | 2098 ||| READING scroll of identify.
  2098 | D:3      | 2098 ||| IDENTIFYING murky orange potion
  2099 | D:3      | 2099 ||| READING scroll labelled LIGIXZ BUTULE.
  2099 | D:3      | 2099 ||| ENCHANTING +0 arbalest.
  2100 | D:3      | 2100 ||| READING scroll labelled HURCHO SUYCAGOWK.
  2101 | D:3      | 2101 ||| READING scroll labelled CERUNO HUGAMN.
  2133 | D:4      | Noticed a black bear
  2135 | D:4      | 2135 ||| STAIRDANCE
  2138 | D:3      | Killed a black bear
  2164 | D:4      | Noticed a black bear
  2165 | D:4      | 2165 ||| STAIRDANCE
  2204 | D:4      | 2204 ||| STAIRDANCE
  2208 | D:3      | HP: 5/28 [poisoned by a scorpion]
  2208 | D:3      | HP: 2/28 [orc/+0 dagger (3)]
  2208 | D:3      | Slain by a scorpion

Levels and vault maps discovered:
D:1:      lemuel_arrival_behind_the_door_small, layout_loops_ring,
          chequers_serial_rivers_large_a
D:2:      layout_loops_ring, shapermc_ecumenical_altar_totnotflames,
          dreamdust_mushroom_princess
D:3:      layout_loops_cross, nicolae_overflow_crystal_walls,
          beargit_hepliaklqana_dungeon_heroes
D:4:      layout_rooms

Skill      XL: |  1  2  3  4  5 |
---------------+----------------+-----
Dodging        | 3 4 5 |  5.8
Ranged Weapons | 5 |  5.1
Fighting       | 2 |  2.9
Stealth        | |  1.5

Action                     |  1- 3 |  4- 6 || total
---------------------------+-------+-------++-------
   Fire: Shortbow          |    67 |       ||    67
         Arbalest          |    15 |    30 ||    45
    Use: Scroll            |     7 |     5 ||    12
         Potion            |     1 |     1 ||     2
 Armour: Robe              |     5 |    14 ||    19
  Dodge: Dodged            |    24 |    32 ||    56

Table legend:
 A = Non-vault XP
 B = Vault XP
 C = Vault XP percentage of total XP
 D = Non-vault monster count
 E = Vault monster count
 F = Vault count percentage of total count
                 A         B        C        D         E       F
            +---------+---------+-------+---------+---------+-------
      Total |     268 |      92 |  25.6 |      43 |       1 |   2.3
            +---------+---------+-------+---------+---------+-------
        D:1 |      46 |       0 |   0.0 |      19 |       0 |   0.0
        D:2 |      29 |       0 |   0.0 |       9 |       0 |   0.0
        D:3 |     193 |      92 |  32.3 |      15 |       1 |   6.2
            +---------+---------+-------+---------+---------+-------
